 Dungeon Crawl Stone Soup version 0.26.1-11-gd32895ea62 (webtiles) character file.

Game seed: 13045733805903380367

15 JBAR the Digger (level 2, -3/15 HPs)
             Began as a Gargoyle Earth Elementalist on June 28, 2021.
             Slain by a gnoll
             ... wielding a +0 club
              (4 damage)
             ... on level 2 of the Dungeon.
             The game lasted 00:00:52 (196 turns).

JBAR the Digger (Gargoyle Earth Elementalist)        Turns: 196, Time: 00:00:52

Health: -3/15      AC:  4    Str: 11    XL:     2   Next: 50%
Magic:  0/5        EV: 12    Int: 15    God:
Gold:   24         SH:  0    Dex: 10    Spells: 4/5 levels left

rFire    . . .     SeeInvis .   (no weapon)
rCold    . . .     Faith    .   (no shield)
rNeg     + . .     Spirit   .   c - +0 robe
rPois    ∞         Reflect  .   (no helmet)
rElec    +         Harm     .   (no cloak)
rCorr    .         Rampage  .   (no gloves)
Will     .....                  (no boots)
Stlth    ++........             (no amulet)
HPRegen  0.05/turn              (no ring)
MPRegen  0.09/turn              (no ring)

@: no status effects
A: negative energy resistance 1, electricity resistance, unbreathing,
petrification resistance, miasma immunity, AC +2
a: no special abilities


You were on level 2 of the Dungeon.
You visited 1 branch of the dungeon, and saw 2 of its levels.

You collected 24 gold pieces.

Inventory:

Missiles
 b - 51 stones
Armour
 c - a +0 robe (worn)
Scrolls
 a - a scroll of noise {unknown}
Potions
 d - a potion of brilliance {unknown}


   Skills:
 * Level 2.0 Dodging
 + Level 2.2 Stealth
 * Level 2.0 Spellcasting
 + Level 0.7 Transmutations
 * Level 4.2 Earth Magic


You had 4 spell levels left.
You knew the following spells:

 Your Spells              Type           Power        Failure   Level
a - Sandblast             Erth           28%          4%          1

Your spell library contained the following spells:

 Spells                   Type           Power        Failure   Level
 Passwall                 Tmut/Erth      6%           12%         2
 Stone Arrow              Conj/Erth      14%          28%         3
 Petrify                  Tmut/Erth      8%           63%         4
 Lee's Rapid Deconstruct  Erth           7%           73%         5


Dungeon Overview and Level Annotations

Branches:
Dungeon (1/15)

Altars:


Innate Abilities, Weirdness & Mutations

You are resistant to torment.
Your stone body is resilient. (AC +2)
You are immune to poison.
You resist negative energy. (rN+)
You are resistant to electric shocks. (rElec)
You can survive without breathing.
You are immune to petrification.
You are immune to miasma.


Message History

You hit the gnoll but do no damage. The gnoll hits you with a +0 club.
The gnoll hits you. The rat closely misses you. The rat barely misses you.
The giant cockroach bites you but does no damage.
The gnoll closely misses you.
You closely miss the gnoll. The gnoll barely misses you.
The rat barely misses you. The gnoll misses you.
The rat bites you but does no damage.
The giant cockroach bites you but does no damage.
The gnoll barely misses you.
You closely miss the gnoll. The gnoll hits you but does no damage.
The rat barely misses you.
The giant cockroach completely misses you.
The rat bites you but does no damage. The gnoll hits you with a +0 club.
* * * LOW HITPOINT WARNING * * *
The gnoll misses you.
You closely miss the gnoll.
The giant cockroach bites you but does no damage.
The gnoll barely misses you. The rat closely misses you.
The rat bites you but does no damage. The gnoll hits you with a +0 club.
You die...

... ... #######
.... ...?..#
..... ......#
...###......#
####..........#
......rr......#
......g@B.....#
......gg......#
.........###.##
.........#
..........
....[......
#.###...#.. #.
#####..#


You could see 3 gnolls, a giant cockroach and 2 rats.

Vanquished Creatures
  A gnoll (D:2)
  An ooze (D:1)
  A goblin (D:1)
3 creatures vanquished.

Notes
Turn   | Place    | Note
-------+----------+-------------------------------------------
     0 | D:1      | JBAR the Gargoyle Earth Elementalist began the quest for
                  | the Orb.
     0 | D:1      | Reached XP level 1. HP: 10/10 MP: 3/3
   187 | D:1      | You fall into a shaft and drop 1 floor!
   191 | D:2      | Reached skill level 4 in Earth Magic
   191 | D:2      | Reached XP level 2. HP: 14/15 MP: 0/5
   196 | D:2      | Slain by a gnoll

Illustrated notes

Levels and vault maps discovered:
D:1:      grunt_arrival_crossed_arrows, layout_basic
D:2:      layout_basic

Skill      XL: |  1 |
---------------+----+-----
Dodging        | 2 |  2.0
Earth Magic    | 4 |  4.2
Stealth        | |  2.2
Spellcasting   | |  2.0
Transmutations | |  0.7

Action                   || total
-------------------------++-------
Melee: Unarmed           ||     6
 Cast: Sandblast         ||     6
Armor: Robe              ||     8
Dodge: Dodged            ||    17
